 Dungeon Crawl Stone Soup version 0.20-a0-633-gff4aa5c (webtiles) character file.

78439 seren the Impaler (level 15, 0/140 HPs)
             Began as a Naga Gladiator on Feb 11, 2017.
             Was the Champion of Cheibriados.
             Splashed by an oklob plant's acid (11 damage)
             ... on level 3 of the Lair of Beasts.
             The game lasted 01:49:57 (23458 turns).

seren the Impaler (Naga Gladiator)                 Turns: 23458, Time: 01:49:58

Health: 0/140      AC: 24    Str: 36    XL:     15   Next: 60%
Magic:  22/22      EV: 10    Int: 23    God:    Cheibriados [******]
Gold:   1472       SH: 17    Dex: 30    Spells: 13/14 levels left

rFire    + . .     SeeInvis +   a - +6 trident
rCold    + . .     Gourm    .   P - +3 chain mail {rC+}
rNeg     . . .     Faith    .   L - +2 shield {rF+}
rPois    +         Spirit   .   C - +0 helmet {SInv}
rElec    .         Reflect  .   e - +2 cloak {+Inv}
rCorr    .         Harm     .   n - +1 pair of gloves
MR       +....                  B - +1 naga barding
Stlth    ..........             (no amulet)
Regen    0.4/turn               O - +3 ring of protection
                                z - ring of wizardry

@: corroded, drained, very slow
A: see invisible, deformed body, poison resistance, slowness 2, slow metabolism
1, spit poison 1, constrict 1, AC +5
a: Spit Poison, Bend Time, Temporal Distortion, Slouch, Step From Time, Renounce
Religion, Evoke Invisibility


You were on level 3 of the Lair of Beasts.
You worshipped Cheibriados.
Cheibriados was exalted by your worship.
You were not hungry.

You visited 4 branches of the dungeon, and saw 21 of its levels.

You collected 1873 gold pieces.
You spent 401 gold pieces at shops.

Inventory:

Hand Weapons
 a - a +6 trident (weapon)
 y - a +2 spear of freezing
Missiles
 d - 4 throwing nets
 J - 32 tomahawks (quivered)
Armour
 e - a +2 cloak of invisibility (worn)
 n - a +1 pair of gloves (worn)
 B - a +1 naga barding (worn)
 C - a +0 helmet of see invisible (worn)
 L - a +2 shield of fire resistance (worn)
 P - a +3 chain mail of cold resistance (worn)
Jewellery
 z - a ring of wizardry (left hand)
 N - an uncursed ring of resist corrosion
 O - a +3 ring of protection (right hand)
Wands
 t - a wand of confusion (40/48)
 E - a wand of iceblast (10/15)
 H - a wand of lightning (14/15)
 I - a wand of paralysis (14/24)
Scrolls
 b - a scroll of teleportation
 g - 3 scrolls of blinking
 h - 3 scrolls of magic mapping
 i - 2 scrolls of fear
 k - a scroll of summoning
 l - 9 scrolls of remove curse
 G - a scroll of vulnerability {unknown}
Potions
 c - a potion of agility
 j - 4 potions of curing
 o - a potion of resistance
 p - a potion of magic
 u - 2 potions of brilliance
 w - a potion of might
Books
 m - a book of Spatial Translocations

   Spells                             Type                      Level
   a - Blink                          Translocation                2
   b - Shroud of Golubria             Charms/Translocation         2
   c - Lesser Beckoning               Translocation                3
   d - Portal Projectile              Translocation                3
   e - Teleport Other                 Translocation                3
   f - Passage of Golubria            Translocation                4
 D - a book of Necromancy

   Spells                             Type                      Level
   a - Pain                           Necromancy                   1
   b - Animate Skeleton               Necromancy                   1
   c - Vampiric Draining              Necromancy                   3
   d - Regeneration                   Charms/Necromancy            3
   e - Animate Dead                   Necromancy                   4
   f - Control Undead                 Necromancy                   4
Miscellaneous
 r - a lightning rod (4/4)
 R - a lightning rod (4/4)
Comestibles
 f - 17 bread rations
 q - 10 meat rations
 F - 5 royal jellies
 M - 16 fruits


   Skills:
 - Level 10.6(10.1) Fighting
 - Level 15.5(14.9) Polearms
 - Level 1.7(1.3) Throwing
 - Level 10.0(9.5) Armour
 + Level 5.9(5.4) Dodging
 - Level 10.0(9.5) Shields
 - Level 10.0(9.5) Invocations


You had 13 spell levels left.
You knew the following spells:

 Your Spells              Type           Power        Failure   Level  Hunger
a - Apportation           Tloc           #.....       24%         1    ##.....


Dungeon Overview and Level Annotations

Branches:
Dungeon (15/15) Temple (1/1) D:7 Lair (3/6) D:11 Swamp (0/4) Lair:3 Orc (2/2) D:10 Elf (0/3) Orc:2 Vaults (0/5) D:13 D:14 Snake: Lair:2-4 Spider: Lair:2-4 Depths: D:15

Altars:
Ashenzari
Cheibriados
Dithmenos
Elyvilon
Fedhas
Gozag
Hepliaklqana
Kikubaaqudgha
Makhleb
Nemelex Xobeh
Okawaru
Qazlal
Ru
Sif Muna
Trog
Uskayaw
Vehumet
Xom
Yredelemnul
Zin
The Shining One
Beogh

Shops:
D:6 [   D:12 [   D:14 (*   Orc:1 %   Orc:2 :![}

Annotations:
D:13 exclusions: downstairs and obsidian statue
D:14 exclusion: downstairs, Nessos
D:15 Kirke
Lair:3 exclusion: 2 oklob plants


Innate Abilities, Weirdness & Mutations

You cannot wear boots.
Your serpentine skin is tough. (AC +5)
You have supernaturally acute eyesight. (SInv)
Armour fits poorly on your strangely shaped body.
Your system is resistant to poisons. (rPois)
You cover ground very slowly.
You have a slow metabolism.
You can spit poison.
You can use your snake-like lower body to constrict enemies.


Message History

The oklob plant spits acid at you. You block the splash of acid.
Your magical effects are unravelling.
You feel magically purged.
You are no longer corroded.
The oklob plant spits acid at you. The splash of acid hits you!
The acid corrodes you!
You are splashed with acid!
The acid burns!
* * * LOW HITPOINT WARNING * * *
The oklob plant spits acid at you. You block the splash of acid.
The oklob plant spits acid at you. The splash of acid hits you!
The acid corrodes you!
You are splashed with acid!
The acid burns!
* * * LOW HITPOINT WARNING * * *
The oklob plant spits acid at you. The splash of acid hits you!
* * * LOW HITPOINT WARNING * * *
You are splashed with acid!
The acid burns!
You die...

.## #....##...# ####....# #.. ..#
#...###[..# ##...### ##. .##
##...# #...## #....#.#####. .#
#....###....# #.....###.#P.
.#####....P#...##########........
..##.P.........#.P.P..# #...P....
...............#≈≈≈≈≈≈# #..PPP...
.........<.....#≈....≈# #.#P.P...
........##...###@.....#########..
........########.......># ##..
..##.....###†..'.......>######...
..##.....##.#P.#.......>#........
.####........P.#......###........
....P..........#≈....≈# #........
...............#≈≈≈≈≈≈# #.#.#.#..
..)............#......# ####.#...
........##.#.############# ###...


You could see 2 oklob plants.

Vanquished Creatures
  An orc warlord (Orc:1)
  Azrael (Orc:2)
  The ghost of sergedm the Eclecticist, a journeyman DECj of Vehumet (Orc:2)
  Josephine (Orc:2)
  Erolcha (Orc:2)
  A centaur warrior (D:14)
  3 hydras
  A death knight (D:13)
  10 two-headed ogres
  A queen ant (Lair:3)
  3 ogre magi (Orc:2)
  2 tengu warriors
  Urug (Orc:1)
  Nergalle (Orc:2)
  An orc high priest (Orc:1)
  A deep elf knight (Orc:1)
  2 skeletal warriors (D:13)
  An unseen horror (shapeshifter) (D:13)
  2 unseen horrors
  A necromancer (D:12)
  3 orc knights
  2 manticores
  4 deep elf magi
  8 orc sorcerers
  4 cyclopes
  2 ugly things (D:11)
  10 elephants
  2 black mambas
  Maurice (D:8)
  A torpor snail (Lair:3)
  Psyche (D:8)
  6 spiny frogs
  4 centaur skeletons
  3 gargoyles
  2 kobold demonologists
  2 komodo dragons
  2 tengu conjurers (D:13)
  15 trolls
  8 slime creatures
  4 hippogriffs
  3 blink frogs (Lair:1)
  A centaur simulacrum (D:14)
  A vampire (D:11)
  3 shadows
  37 yaks
  4 wyverns
  2 basilisks
  A water elemental (D:14)
  5 wraiths
  4 fire elementals (Orc:2)
  12 humans
  6 hungry ghosts
  7 vampire mosquitoes
  9 soldier ants
  3 wargs
  3 hell hounds (Orc:2)
  7 water moccasins
  7 porcupines
  21 orc warriors
  4 black bears
  10 ice beasts
  2 phantoms
  4 sky beasts
  19 ogres
  23 centaurs
  6 crocodiles
  3 big kobolds
  16 bullfrogs
  2 gnoll sergeants
  4 scorpions
  A water moccasin skeleton (D:5)
  8 killer bees
  7 howler monkeys
  7 crimson imps
  5 centaur zombies
  A wyvern simulacrum (D:14)
  10 hounds
  4 quasits
  2 bullfrog skeletons
  3 jellies
  17 orc priests
  44 orc wizards
  An iguana (D:8)
  30 worker ants
  A howler monkey zombie (D:5)
  13 adders
  15 gnolls
  A howler monkey skeleton (D:8)
  5 shadow imps
  3 worms
  2 dart slugs
  5 leopard geckos
  108 orcs
  8 giant cockroaches
  3 goblins
  5 hobgoblins
  18 jackals
  20 kobolds
  5 quokkas
  2 ball pythons
  11 bats
  5 frilled lizards
  A jackal skeleton (D:5)
  A leopard gecko skeleton (D:8)
  6 rats
727 creatures vanquished.

Vanquished Creatures (others)
  27 fungi
  23 plants
50 creatures vanquished.

Grand Total: 777 creatures vanquished

Notes
Turn   | Place    | Note
-------+----------+-------------------------------------------
     0 | D:1      | seren the Naga Gladiator began the quest for the Orb.
     0 | D:1      | Reached XP level 1. HP: 19/19 MP: 1/1
   170 | D:1      | Reached XP level 2. HP: 26/26 MP: 2/2
   479 | D:1      | Reached skill level 4 in Polearms
   603 | D:1      | Reached XP level 3. HP: 31/32 MP: 3/3
  1619 | D:3      | Reached XP level 4. HP: 38/39 MP: 4/4
  1861 | D:3      | Reached skill level 5 in Polearms
  1959 | D:3      | Found an iron altar of Okawaru.
  1959 | D:3      | Found a white marble altar of Elyvilon.
  2328 | D:4      | Reached XP level 5. HP: 36/45 MP: 5/5
  2444 | D:4      | Reached skill level 6 in Polearms
  3088 | D:4      | Reached XP level 6. HP: 46/52 MP: 6/6
  3182 | D:5      | Entered Level 5 of the Dungeon
  3394 | D:4      | You fall through a shaft for 3 floors!
  3461 | D:6      | Found a sparkling altar of Nemelex Xobeh.
  3524 | D:6      | Found Cedy's Antique Armour Shop.
  3564 | D:8      | Noticed Psyche
  3564 | D:8      | Noticed Maurice
  3714 | D:6      | Reached skill level 7 in Polearms
  4039 | D:6      | Reached XP level 7. HP: 60/60 MP: 7/7
  4131 | D:5      | Reached skill level 8 in Polearms
  4430 | D:5      | Learned a level 1 spell: Apportation
  4758 | D:5      | Reached skill level 9 in Polearms
  4909 | D:5      | Found an opulent altar of Gozag.
  4989 | D:5      | Found Usaec's Antique Weapon Emporium.
  5156 | D:5      | Reached XP level 8. HP: 52/67 MP: 8/8
  5298 | D:6      | Reached skill level 1 in Armour
  6489 | D:6      | Reached XP level 9. HP: 73/73 MP: 9/9
  6738 | D:6      | Bought a transparent chain mail for 199 gold pieces
  6751 | D:6      | Identified the +5 chain mail of the Wumpus {SInv Stlth+} (You bought it in a shop on level 6 of the Dungeon)
  7079 | D:7      | Found a staircase to the Ecumenical Temple.
  7084 | Temple   | Entered the Ecumenical Temple
  7093 | Temple   | Became a worshipper of Cheibriados the Contemplative
  7262 | D:7      | Found an opulent altar of Gozag.
  7262 | D:7      | Found a hazy altar of Hepliaklqana.
  7262 | D:7      | Found a blossoming altar of Fedhas.
  7262 | D:7      | Found a basalt altar of Yredelemnul.
  7263 | D:7      | Found a hide-covered altar of Uskayaw.
  7263 | D:7      | Found a shadowy altar of Dithmenos.
  7264 | D:7      | Found a blossoming altar of Fedhas.
  7264 | D:7      | Found a stormy altar of Qazlal.
  7264 | D:7      | Found a shadowy altar of Dithmenos.
  7264 | D:7      | Found a stormy altar of Qazlal.
  7264 | D:7      | Found an opulent altar of Gozag.
  7264 | D:7      | Found a burning altar of Makhleb.
  7362 | D:7      | Reached skill level 5 in Armour
  7892 | D:8      | Reached * piety under Cheibriados
  8155 | D:8      | Killed Maurice
  8247 | D:8      | Reached skill level 5 in Fighting
  8340 | D:8      | Reached XP level 10. HP: 66/88 MP: 10/10
  8631 | D:8      | Killed Psyche
  8635 | D:8      | Reached ** piety under Cheibriados
  8857 | D:8      | Noticed a kobold demonologist
  8864 | D:8      | Noticed a rust devil
  8865 | D:8      | Killed a kobold demonologist
  8966 | D:9      | Reached skill level 1 in Shields
  9780 | D:9      | Reached *** piety under Cheibriados
 10096 | D:10     | Entered Level 10 of the Dungeon
 10309 | D:10     | Reached **** piety under Cheibriados
 10327 | D:10     | Reached skill level 5 in Shields
 10329 | D:10     | Found a staircase to the Orcish Mines.
 10474 | D:10     | Noticed a two-headed ogre
 10480 | D:10     | Killed a two-headed ogre
 10633 | D:10     | Noticed an unseen horror
 10637 | D:10     | Killed an unseen horror
 10637 | D:10     | Reached XP level 11. HP: 98/100 MP: 10/13
 10766 | D:10     | Reached skill level 5 in Invocations
 11034 | D:10     | Noticed a two-headed ogre
 11049 | D:10     | Killed a two-headed ogre
 11155 | D:11     | Noticed a five-headed hydra
 11297 | D:11     | Reached skill level 10 in Polearms
 11404 | D:11     | Noticed a white ugly thing
 11414 | D:11     | Killed a white ugly thing
 11431 | D:11     | Noticed an unseen horror
 11434 | D:11     | Found a staircase to the Lair.
 11448 | D:11     | Killed an unseen horror
 11448 | D:11     | Reached skill level 11 in Polearms
 11477 | D:11     | Reached ***** piety under Cheibriados
 11490 | D:11     | Killed a five-headed hydra
 11752 | D:11     | Reached XP level 12. HP: 109/109 MP: 16/16
 11836 | D:11     | Found a deep blue altar of Sif Muna.
 11923 | D:11     | Noticed a two-headed ogre
 11936 | D:11     | Killed a two-headed ogre
 12122 | D:11     | Noticed a tengu warrior
 12139 | D:11     | Killed a tengu warrior
 12629 | Lair:1   | Entered Level 1 of the Lair of Beasts
 13366 | Lair:1   | Noticed a seven-headed hydra
 13378 | Lair:1   | Killed a seven-headed hydra
 13790 | Lair:1   | Reached skill level 10 in Shields
 14412 | Lair:2   | Gained mutation: You can use your snake-like lower body to constrict enemies. [Naga growth]
 14412 | Lair:2   | Reached XP level 13. HP: 93/118 MP: 9/17
 15113 | Lair:3   | Reached skill level 10 in Fighting
 15179 | Lair:3   | Found a staircase to the Swamp.
 15216 | Lair:3   | Reached ****** piety under Cheibriados
 16690 | Orc:1    | Entered Level 1 of the Orcish Mines
 16700 | Orc:1    | Noticed Urug
 17143 | D:12     | Found Vydiupt's Antique Armour Shoppe.
 17288 | D:12     | Found a bloodstained altar of Trog.
 17805 | D:12     | Reached XP level 14. HP: 133/133 MP: 18/18
 17942 | D:12     | Reached skill level 10 in Armour
 18397 | D:13     | Reached skill level 12 in Polearms
 18658 | D:14     | Found a gate to the Vaults.
 18658 | D:14     | Noticed Nessos
 18681 | D:14     | Got an ichor-stained scale mail
 18705 | D:13     | Identified the +2 scale mail of the Lonely Stories {rPois} (You found it on level 14 of the Dungeon)
 20287 | D:14     | Reached skill level 13 in Polearms
 20725 | D:14     | Found Labb's Weapon Emporium.
 20736 | D:14     | Found Ommaege's Assorted Antiques.
 20747 | D:14     | Reached skill level 10 in Invocations
 20757 | D:14     | Bought a scroll of enchant weapon for 202 gold pieces
 20787 | D:15     | Entered Level 15 of the Dungeon
 20787 | D:15     | Noticed Kirke
 20953 | Orc:1    | Killed Urug
 21155 | Orc:1    | Reached XP level 15. HP: 140/140 MP: 22/22
 21166 | Orc:1    | Reached skill level 14 in Polearms
 21175 | Orc:1    | Noticed an orc warlord
 21226 | Orc:2    | Entered Level 2 of the Orcish Mines
 21330 | Orc:2    | Noticed Azrael
 21353 | Orc:2    | Killed Azrael
 21472 | Orc:2    | Found a burning altar of Makhleb.
 21754 | Orc:1    | Found Tiunteg's Food Emporium.
 22138 | Orc:2    | Found a roughly hewn altar of Beogh.
 22249 | Orc:2    | Found a staircase to the Elven Halls.
 22341 | Orc:2    | Noticed sergedm's ghost (journeyman DECj)
 22356 | Orc:2    | Killed sergedm's ghost
 22461 | Orc:2    | Found Kuejeqee's Gadget Boutique.
 22515 | Orc:2    | Noticed Erolcha
 22515 | Orc:2    | Noticed Josephine
 22519 | Orc:2    | Reached skill level 15 in Polearms
 22520 | Orc:2    | Killed Erolcha
 22521 | Orc:2    | Killed Josephine
 22599 | Orc:2    | Found a radiant altar of Vehumet.
 22605 | Orc:2    | Paralysed by an orc sorcerer for 4 turns
 22641 | Orc:2    | Noticed Nergalle
 22649 | Orc:2    | Killed Nergalle
 22663 | Orc:2    | Found an ancient bone altar of Kikubaaqudgha.
 22727 | Orc:2    | Found a roughly hewn altar of Beogh.
 22727 | Orc:2    | Found Guuk's Antique Armour Boutique.
 22763 | Orc:2    | Found Ittittet's Book Shop.
 22772 | Orc:2    | Found Amelep's Distillery.
 22907 | Orc:2    | Reached skill level 5 in Dodging
 23063 | Orc:1    | Killed an orc warlord
 23458 | Lair:3   | Splashed by an oklob plant's acid

Vault maps used:
D:1:      matt_arrival_refuge, hex_intersection
D:3:      gammafunk_temple_overflow_wave
D:5:      lemuel_doored_altar, first_bread, serial_shops, nicolae_shop_stone
D:6:      serial_shops, nicolae_shop_overgrown_old_shop, basic_altar
D:7:      temple_doors_ab
D:8:      uniq_psyche, uniq_maurice
D:9:      special_room
D:10:     hiddenorc2_lemuel
D:11:     due_lair_maze_entry_diamond, grunt_tengu_nest, tgw_sif
D:12:     serial_shops, shop, minmay_ruined_shrine
D:13:     minmay_protected_statue
D:14:     david_vaults_3, serial_shops, bzr_entry_lakeside,
          nicolae_shop_waterfront, nicolae_shop_statue_plus, nicolae_shop_stone,
          shop
D:15:     grunt_enter_depths_magical_seal, basic_altar, serial_undead,
          serial_undead_b, serial_undead_c, serial_undead_c, serial_undead_a,
          serial_undead_c, serial_undead_e, serial_shops, shop,
          minmay_rotating_lava, uniq_rupert, uniq_kirke, uniq_roxanne
Temple:   regret_index_temple_mists
Lair:1:   grunt_megastairs_4
Lair:3:   dpeg_oklob_gauntlet, swamp_mist_pool, zaba_antful_of_joy
Orc:1:    serial_shops, nicolae_shop_competitors_out_of_business,
          portal_ice_cave_entry_pillars_1, elf_legates, uniq_urug
Orc:2:    kennysheep_orc_mage_school, basic_altar, bloody_makhleb,
          uniq_josephine, uniq_azrael

Skill      XL: |  1  2  3  4  5  6  7  8  9 10 11 12 13 14 15 |
---------------+----------------------------------------------+-----
Polearms       | 4 5 6 7 9 11 13 15 | 15.5
Armour         | 3 6 9 10 | 10.0
Dodging        | 4 5 |  5.9
Fighting       | 5 7 8 10 | 10.6
Shields        | 6 10 | 10.0
Invocations    | 3 6 10 | 10.0
Throwing       | |  1.7

Action                   |  1- 3 |  4- 6 |  7- 9 | 10-12 | 13-15 || total
-------------------------+-------+-------+-------+-------+-------++-------
Melee: Trident           |   143 |   163 |   322 |   853 |  1329 ||  2810
       Spear             |       |       |   156 |       |       ||   156
       Constrict         |       |       |       |       |   245 ||   245
Throw: Tomahawk          |       |       |       |     6 |       ||     6
 Cast: Apportation       |       |       |       |       |    23 ||    23
Invok: Bend Time         |       |       |       |    10 |    15 ||    25
       Temporal Distorti |       |       |       |     1 |       ||     1
       Slouch            |       |       |       |       |     4 ||     4
 Abil: Spit Poison       |       |     3 |     9 |    13 |     3 ||    28
  Use: Scroll            |       |     3 |    10 |     9 |    19 ||    41
       Potion            |       |     2 |     2 |     2 |     4 ||    10
 Stab: Distracted        |       |       |     1 |       |       ||     1
       Invisible         |       |       |       |     3 |       ||     3
  Eat: Chunk             |     2 |     4 |    10 |    14 |    23 ||    53
       Royal jelly       |       |     1 |     1 |     1 |     1 ||     4
       Fruit             |       |       |     1 |       |       ||     1
Armor: Leather armour    |    48 |    52 |       |       |       ||   100
       Scale mail        |       |     6 |    61 |       |       ||    67
       Chain mail        |       |       |    77 |   256 |   411 ||   744
Dodge: Dodged            |    66 |    87 |    77 |   169 |   234 ||   633
Block: Shield            |       |       |    93 |   453 |   915 ||  1461
